 Dungeon Crawl Stone Soup version 0.17.1-3-g152610e (webtiles) character file.

515 Gargoyl the Covered (level 7, -2/55 HPs)
             Began as a Demonspawn Abyssal Knight on Apr 21, 2016.
             Was a Believer of Lugonu.
             Slain by a sky beast (5 damage)
             ... on level 5 of the Dungeon.
             The game lasted 00:08:27 (4450 turns).

Gargoyl the Covered (Demonspawn Abyssal Knight)     Turns: 4450, Time: 00:08:27

Health: -2/55      AC: 20    Str: 14      XL:     7   Next: 0%
Magic:  9/9        EV:  5    Int: 13 (14) God:    Lugonu [**....]
Gold:   172        SH:  0    Dex: 12      Spells: 0 memorised, 6 levels left

rFire  . . .     SeeInvis .     a - +1 hand axe
rCold  . . .     Clarity  .     j - +0 plate armour
rNeg   . . .     SustAt   .     (no shield)
rPois  .         Gourm    .     n - +0 helmet
rElec  .         Spirit   .     t - +0 cloak
rCorr  +         Warding  .     (no gloves)
rMut   .         Stasis   .     (no boots)
MR     .....                    f - amulet of resist corrosion
Stlth  ..........               (no ring)
                                x - +1 ring of evasion

@: not resistant to hostile enchantments, extremely unstealthy
A: talons 2, iridescent scales 2
a: Depart the Abyss, Bend Space, Renounce Religion


You were on level 5 of the Dungeon.
You worshipped Lugonu.
Lugonu was pleased with you.
You were hungry.

You visited 1 branch of the dungeon, and saw 5 of its levels.
You visited the Abyss 1 time.

You collected 172 gold pieces.

Inventory:

Hand Weapons
 a - a +1 hand axe (weapon)
 v - a +1 flail
Armour
 j - a +0 plate armour (worn)
 n - a +0 helmet (worn)
 t - a +0 cloak (worn)
Jewellery
 f - an amulet of resist corrosion (around neck)
 x - a +1 ring of evasion (left hand)
Scrolls
 b - 2 scrolls of recharging
 d - 3 scrolls of identify
 e - a scroll of blinking
 g - 4 scrolls of remove curse
 m - 2 scrolls of enchant weapon
 s - 2 scrolls of teleportation
Potions
 h - a potion of mutation {unknown}
 k - 2 potions of curing
 l - a potion of might {unknown}
 o - a potion of degeneration
 p - 3 potions of lignification {unknown}
 q - 2 potions of heal wounds {unknown}
 u - a potion of ambrosia {unknown}
 z - a potion of cure mutation {unknown}
 A - a potion of flight {unknown}
Books
 w - a Necronomicon

   Spells                             Type                      Level
   a - Haunt                          Necromancy/Summoning         7
   b - Borgnjor's Revivification      Necromancy                   8
   c - Death's Door                   Charms/Necromancy            8
   d - Necromutation                  Transmutation/Necromancy     8
Comestibles
 c - 2 bread rations
 i - 2 meat rations
 r - a beef jerky
 B - 2 chunks of flesh


   Skills:
 + Level 4.6 Fighting
 + Level 3.3 Axes
 * Level 4.9 Armour
 + Level 1.5 Dodging
 + Level 0.4 Stealth
 + Level 2.9 Invocations


You had 6 spell levels left.
You didn't know any spells.

Dungeon Overview and Level Annotations

Branches:
Dungeon (5/15)             Temple (0/1) D:4

Altars:
Cheibriados
Fedhas
Gozag
Ru
Sif Muna
Trog
Vehumet

Shops:
D:4 :


Innate Abilities, Weirdness & Mutations

You have razor-sharp toenails.
You are mostly covered in iridescent scales (AC +6).


Message History

The sky beast is severely wounded.
The sky beast hits you but does no damage.
You completely miss the sky beast. Your kick misses the sky beast.
The sky beast is severely wounded.
The sky beast hits you but does no damage.
You hit the sky beast.
The sky beast is severely wounded.
The sky beast closely misses you.
You hit the sky beast but do no damage.
The sky beast is severely wounded.
The sky beast hits you.
* * * LOW HITPOINT WARNING * * *
The sky beast shocks you.
* * * LOW HITPOINT WARNING * * *
You miss the sky beast.
The sky beast is severely wounded.
The sky beast hits you.
* * * LOW HITPOINT WARNING * * *
The sky beast shocks you.
You die...

#### ##...##
##.....##
##.......##
#.........######
..........$....#
.......@...# #.#
.......Y.#.# #.#
........##.###.#
..##....##..##.#
. ####.###.##.#
#>###.##<#
#........#
#####.#### #.#


You could see a sky beast.

Vanquished Creatures
  A water moccasin (D:4)
  An ogre (D:4)
  3 hounds
  An orc priest (D:3)
  Terence (D:3)
  An iguana (D:3)
  A hound skeleton (D:4)
  2 adders
  4 gnolls
  A white imp (Abyss:1)
  An ooze (D:4)
  An adder skeleton (D:4)
  3 worms
  3 giant geckos
  5 orcs
  2 ball pythons
  4 giant cockroaches
  7 goblins
  6 hobgoblins
  7 kobolds
  4 bats
  4 giant newts
  4 jackals (D:3)
  3 quokkas
  A quokka skeleton (D:4)
  5 rats
76 creatures vanquished.

Notes
Turn   | Place    | Note
--------------------------------------------------------------
     0 | Abyss:1  | Gargoyl the Demonspawn Abyssal Knight began the quest for the Orb.
     0 | Abyss:1  | Reached XP level 1. HP: 18/18 MP: 2/2
    80 | Abyss:1  | Noticed a black draconian shifter
   119 | D:1      | Escaped the Abyss
   237 | D:1      | Gained mutation: You are partially covered in iridescent scales (AC +4). [demonic ancestry]
   237 | D:1      | Reached XP level 2. HP: 24/24 MP: 3/3
   251 | D:1      | Reached * piety under Lugonu
   684 | D:1      | Reached XP level 3. HP: 27/29 MP: 5/5
   782 | D:1      | Reached skill level 1 in Dodging
  1970 | D:3      | Gained mutation: You have sharp toenails. [demonic ancestry]
  1970 | D:3      | Reached XP level 4. HP: 3/37 MP: 6/6
  2372 | D:3      | Found a radiant altar of Vehumet.
  2374 | D:3      | Found a bloodstained altar of Trog.
  2392 | D:3      | Found a deep blue altar of Sif Muna.
  2496 | D:3      | Found a blossoming altar of Fedhas.
  2509 | D:3      | Reached ** piety under Lugonu
  2509 | D:3      | Reached XP level 5. HP: 13/42 MP: 7/7
  2735 | D:3      | Noticed Terence
  2753 | D:3      | Gained mutation: You have razor-sharp toenails. [potion of beneficial mutation]
  2772 | D:3      | Killed Terence
  2772 | D:3      | Reached skill level 4 in Fighting
  3317 | D:4      | Found a snail-covered altar of Cheibriados.
  3373 | D:4      | Noticed a water moccasin
  3396 | D:4      | Killed a water moccasin
  3396 | D:4      | Reached XP level 6. HP: 14/49 MP: 8/8
  3774 | D:4      | Noticed an ogre
  3785 | D:4      | Killed an ogre
  4070 | D:4      | Found a sacrificial altar of Ru.
  4118 | D:4      | Found a staircase to the Ecumenical Temple.
  4159 | D:4      | Found Fukkim's Book Shop.
  4311 | D:4      | Found an opulent altar of Gozag.
  4417 | D:5      | Entered Level 5 of the Dungeon
  4444 | D:5      | Gained mutation: You are mostly covered in iridescent scales (AC +6). [demonic ancestry]
  4444 | D:5      | Reached XP level 7. HP: 12/55 MP: 9/9
  4450 | D:5      | Slain by a sky beast

Action                   |  1- 3 |  4- 6 |  7- 9 || total
-------------------------+-------+-------+-------++-------
Melee: Hand axe          |   141 |   239 |     6 ||   386
Invok: Depart the Abyss  |     1 |       |       ||     1
  Use: Potion            |       |     3 |       ||     3
       Scroll            |       |     8 |       ||     8
  Eat: Bread ration      |     1 |       |       ||     1
       Royal jelly       |     1 |       |       ||     1
       Chunk             |       |     5 |       ||     5
